 Dungeon Crawl Stone Soup version 0.28-a0-245-g639a1a48b9 (webtiles) character file.

Game seed: 2189813300936343715

166 robertstho the Magician (level 5, -4/37 HPs)
             Began as a Djinni Fire Elementalist on Aug 24, 2021.
             Killed by miscasting Fireball (5 damage)
             ... on level 3 of the Dungeon.
             The game lasted 00:04:55 (5359 turns).

robertstho the Magician (Djinni Fire Elementalist)  Turns: 5359, Time: 00:04:56

Health: -4/37      AC:  3    Str:  7    XL:     5   Next: 76%
Gold:   56         EV: 12    Int: 18    God:
                   SH:  0    Dex: 13

rFire   + + .      SeeInvis .   j - +0 great sword
rCold   x . .      Faith    .   (shield currently unavailable)
rNeg    . . .      Spirit   .   a - +0 robe
rPois   ∞          Reflect  .   (no helmet)
rElec   .          Harm     .   o - +0 cloak
rCorr   .          Rampage  .   (no gloves)
Will    .....                   (boots unavailable)
Stlth   ++........              (no amulet)
HPRegen 0.12/turn               (no ring)
MPRegen 0.00/turn               (no ring)

@: flying, very slightly contaminated
A: sickness immunity, fire resistance 2, cold vulnerability 1, float, innate
caster, hp casting, extra vitality 1
a: no special abilities


You were on level 3 of the Dungeon.
You visited 1 branch of the dungeon, and saw 3 of its levels.

You collected 56 gold pieces.

Inventory:

Hand Weapons
 j - a +0 great sword (weapon)
Armour
 a - a +0 robe (worn)
 o - a +0 cloak (worn)
Wands
 n - a wand of flame (18)
Scrolls
 d - a scroll of acquirement {unknown}
 e - a scroll of enchant weapon {unknown}
 g - 2 scrolls of teleportation
 i - a scroll of magic mapping
 l - a scroll of holy word
 m - a scroll of immolation
Potions
 b - 4 potions of curing
 c - a potion of mutation {unknown}
 f - a potion of lignification {unknown}
 h - a potion of heal wounds {unknown}
 k - a potion of attraction


   Skills:
 * Level 1.0 Fighting
 + Level 2.4 Dodging
 + Level 2.0 Stealth
 * Level 4.3 Spellcasting


You couldn't memorise any spells.
You knew the following spells:

 Your Spells              Type           Power      Damage    Failure   Level
a - Foxfire               Conj/Fire      76%        2x1d7     2%          1
b - Conjure Flame         Conj/Fire      19%        6-21      8%          3
c - Inner Flame           Hex/Fire       19%        N/A       8%          3
d - Sticky Flame          Conj/Fire      19%        2d4       24%         4
e - Fireball              Conj/Fire      9%         3d6       56%         5
f - Animate Skeleton      Necr           38%        N/A       2%          1
g - Passwall              Tmut/Erth      15%        N/A       3%          2
Your spell library was empty.

Dungeon Overview and Level Annotations

Branches:
Dungeon (3/15)

Altars:

Annotations:
D:3 Sigmund


Innate Abilities, Weirdness & Mutations

You are immune to sickness and miasma.
You are immune to poison.
Your flesh is very heat resistant. (rF++)
You are vulnerable to cold. (rC-)
You float through the air rather than walking.
You learn spells naturally, not from books.
Your magical power is your life essence.
You have superior vitality. (+4 HP)


Message History

The foxfire hits something. x2; Something hits you.
Casting: Foxfire (safe; 2% risk of failure)
Press: ? - help, Q - select action, (/) - cycle Dir - look around, f - activate You conjure some foxfire!
The foxfire hits something but does no damage.
The foxfire hits something.
Something hits you.
Casting: Foxfire (safe; 2% risk of failure)
Press: ? - help, Q - select action, (/) - cycle Dir - look around, f - activate You conjure some foxfire!
Something barely misses you.
The foxfire hits something but does no damage.
The foxfire hits something.
Casting: Foxfire (safe; 2% risk of failure)
Press: ? - help, Q - select action, (/) - cycle Dir - look around, f - activate You conjure some foxfire!
Something hits you!
* * * LOW HITPOINT WARNING * * *
The foxfire hits something.
The foxfire hits something but does no damage.
Something barely misses you.
Casting: Foxfire (safe; 2% risk of failure)
Press: ? - help, Q - select action, (/) - cycle Dir - look around, f - activate You conjure some foxfire!
* * * LOW HITPOINT WARNING * * *
The foxfire hits something but does no damage.
The foxfire hits something.
A magic dart appears from out of thin air!
The magic dart hits you.
* * * LOW HITPOINT WARNING * * *
Unknown command.
Casting: Foxfire (safe; 2% risk of failure)
Confirm with . or Enter, or press ? or * to list all spells.
The spell is potentially lethal to cast (56% risk of failure)!
Continue anyway?
Aiming: Fireball (potentially lethal; 56% risk of failure)
Press: ? - help, Shift-Dir - straight line, f - worm
Aim: a worm You miscast Fireball.
You are very lightly contaminated with residual magic.
Flames sear your flesh. You resist.
You die...

############
#@§........#
#.########.# #{#
#.# #w#
######.####### #.#
#............#
.............###.#
#.########.#.# #.#
#.# #.#.# #.# #.
### ..#.# #.#


You could see a worm.

Vanquished Creatures
  Crazy Yiuf (D:2)
  5 adders
  5 worms (D:2)
  5 dart slugs
  4 endoplasms
  5 giant cockroaches
  4 goblins
  5 hobgoblins
  2 jackals (D:2)
  2 quokkas
  5 ball pythons
  7 bats
  5 frilled lizards (D:1)
  8 kobolds
  9 rats
72 creatures vanquished.

Vanquished Creatures (others)
  382 foxfires
382 creatures vanquished.

Grand Total: 454 creatures vanquished

Notes
Turn   | Place    | Note
-------+----------+-------------------------------------------
     0 | D:1      | robertstho the Djinni Fire Elementalist began the quest for
                  | the Orb.
     0 | D:1      | Reached XP level 1. HP: 15/15 MP: 0/0
   479 | D:1      | Reached XP level 2. HP: 14/22 MP: 0/0
  1320 | D:1      | Reached XP level 3. HP: 23/26 MP: 0/0
  1320 | D:1      | Learned a level 1 spell: Animate Skeleton
  1323 | D:1      | Reached skill level 3 in Spellcasting
  2858 | D:2      | Reached XP level 4. HP: 24/31 MP: 0/0
  3691 | D:2      | Reached XP level 5. HP: 34/36 MP: 0/0
  3691 | D:2      | Learned a level 2 spell: Passwall
  3934 | D:2      | Found a faded altar of an unknown god.
  4036 | D:2      | Found a runed translucent door.
  4037 | D:2      | Noticed Crazy Yiuf
  4277 | D:2      | Killed Crazy Yiuf
  4278 | D:2      | Reached skill level 1 in Fighting
  4278 | D:2      | Reached skill level 4 in Spellcasting
  4378 | D:3      | Noticed Sigmund
  5359 | D:3      | Killed by miscasting Fireball

Illustrated notes

Levels and vault maps discovered:
D:1:      zelgadis_glass_arrival_small, layout_basic, minmay_statues_item,
          minmay_tripent
D:2:      kennysheep_six_static_rooms, layout_loops_ring,
          ebering_ecumenical_altar_abandoned, minmay_strange_pillars,
          minmay_circle_x, uniq_crazy_yiuf_cottage
D:3:      layout_loops_ring, uniq_sigmund

Skill      XL: |  1  2  3  4  5 |
---------------+----------------+-----
Spellcasting   | 3 4 |  4.3
Fighting       | 1 |  1.0
Stealth        | 2 |  2.0
Dodging        | |  2.4

Action                   |  1- 3 |  4- 6 || total
-------------------------+-------+-------++-------
Melee: Unarmed           |     3 |       ||     3
       Great sword       |       |     2 ||     2
 Cast: Foxfire           |   125 |   112 ||   237
       Sticky Flame      |       |     1 ||     1
  Use: Scroll            |       |     7 ||     7
Armor: Robe              |     6 |       ||     6
Dodge: Dodged            |    23 |    10 ||    33
       Rpst.: Great sword |       |     3 ||     3

Table legend: (Time is in decaauts)
 A = Elapsed time spent in this place.
 B = Non-inter-level travel time spent in this place.
 C = Inter-level travel time spent in this place.
 D = Time resting spent in this place.
 E = Time spent auto-exploring this place.
 F = Levels seen in this place.
 G = Mean time per level.
                   A        B        C        D        E       F      G
               +--------+--------+--------+--------+--------+-----+--------+
         Total |   5361 |   5221 |    140 |     57 |   4587 |   3 | 1787.0 |
       Dungeon |   5361 |   5221 |    140 |     57 |   4587 |   3 | 1787.0 |
               +--------+--------+--------+--------+--------+-----+--------+

Top non-repeatable levels by time:
     D:2: 2595 daAuts
     D:1: 1927 daAuts
     D:3: 838 daAuts
